[Event "34th MPL National U14-ch 2022"]
[Site "Ahmedabad"]
[Date "2022.05.10"]
[Round "4.7"]
[White "Snehil Raj Singh"]
[Black "Koustuv Dash"]
[Result "0-1"]
[ECO "B15"]
[WhiteElo "1545"]
[BlackElo "1910"]
[Annotator "TA"]
[PlyCount "100"]
[EventDate "2022.05.09"]
[EventType "swiss"]
[EventCountry "IND"]
[SourceTitle "playchess.com"]
[Source "ChessBase"]
[SourceQuality "1"]
[TimeControl "5400+30"]

1. e4 c6 2. d4 d5 3. Nc3 dxe4 4. Nxe4 Nf6 5. Nxf6+ exf6 6. c3 Bd6 7. Bd3 O-O 8. Ne2 Re8 9. O-O {[%emt 0:00:10] B15: Caro-Kann: 3 Nc3: 3...g6 and 3...dxe4 4 Nxe4 Nf6 5 Nxf6+ exf6.} Na6 10. Qc2 h5 {[%emt 0:00:23] [#]} (10... g6 $11 {should be considered.}) 11. b4 $146 ({White should play} 11. Bd2 $14) ({Predecessor:} 11. Re1 Nc7 12. Bf4 Bg4 13. Bxd6 Qxd6 14. Ng3 h4 15. Ne4 Qd5 16. f3 Bh5 17. Qf2 {1-0 (50) Beshirli,N (2688)-Sunilduth Lyna,N (2626) Chess.com INT 2019}) 11... h4 12. h3 Nc7 13. Bd2 Nd5 14. Rfe1 Be6 15. Bh7+ Kh8 16. Bf5 g6 17. Bxe6 Rxe6 18. Nc1 $2 (18. c4 $11 {and White has nothing to worry.} Ne7 19. Rac1) 18... Rxe1+ $19 19. Bxe1 Bc7 $1 {[%emt 0:00:58] Threatens to win with ...Qd6. Black is more active.} 20. Qd2 (20. Qe4 $17 {was called for.}) 20... Qd6 $1 {[%emt 0:03:13] ( -> ...Qh2+)} 21. g3 Kg7 $40 {[%emt 0:02:47][%cal Rh4g3][%mdl 128] Inhibits Qh6+. Black attacks with force.} 22. c4 Ne7 (22... hxg3 23. cxd5 gxf2+ 24. Qxf2 $15) 23. Ne2 hxg3 24. fxg3 Qe6 25. Kh2 Rh8 26. Ng1 Qxc4 27. Rc1 Qe6 28. Bf2 Nf5 29. b5 (29. Rc3 $142) 29... Nh4 30. d5 Qd7 ({And not} 30... Nf3+ 31. Kg2 Qf5 32. Qc2 $17) 31. bxc6 bxc6 {[%emt 0:00:15][%cal Oh4f3] Hoping for ...Nf3+!} ({Not} 31... Nf3+ 32. Kg2 bxc6 33. Kxf3 $16) 32. Qc3 {[%emt 0:09:59] Against Nf3+} ({Don't blunder} 32. Rxc6 $2 Nf3+ $1 33. Kg2 Nxd2 $19) (32. Qd3) 32... Qxd5 33. Qxc6 Qd2 {[%emt 0:00:08] Strongly threatening ...Rc8.} 34. Rc2 {[%emt 0:02:57] [#]} Bxg3+ $1 35. Kxg3 {[%emt 0:00:19] [#]} (35. Kh1 Qf4) 35... Qg5+ 36. Kh2 {[%emt 0:00:10] [#] White does not recover from this.} Rc8 $1 {[%emt 0:00:16][%mdl 576] Skewer} 37. Bxh4 Qe5+ 38. Bg3 Rxc6 39. Rf2 Qe4 40. Nf3 Rc2 41. Kg2 Rxf2+ 42. Bxf2 Qa4 43. Bd4 Qxa2+ 44. Kg3 a5 45. h4 Qd5 (45... Qe2 $142 46. Ng1 Qd3+ 47. Nf3 a4 48. Kg4 a3 49. Kg3 Qe2 50. Kf4 a2 51. Kg3 Qf1 52. Bc3 Qd1 53. Bd4 Qf1 54. Kf4 a1=Q 55. Bxa1 Qxa1 56. h5 gxh5 57. Ke4 Qb1+ 58. Kd4 f5 59. Kc3 Qc1+ 60. Kd3 Qf1+ 61. Ke3 Qb1 62. Kd2 Qe4 63. Ne1 h4 64. Nd3 h3 65. Nf2 Qf4+ 66. Ke1 Qe3+ 67. Kf1 Qf3 68. Ke1 h2 69. Kd2 Qxf2+ 70. Kd3 h1=Q 71. Kc3 Qc6+ 72. Kb3 Qfc2+ 73. Kb4 Q6c5#) 46. Ba1 a4 {[%emt 0:00:04] Black mates.} 47. Ng5 Qd3+ 48. Nf3 a3 49. Kg2 a2 50. Kg3 Qb1 {[%emt 0:00:09] Weighted Error Value: White=1.06/Black=0.18 (very precise)} 0-1

[Event "34th MPL National U14-ch 2022"]
[Site "Ahmedabad"]
[Date "2022.05.10"]
[Round "4.8"]
[White "Ankit Ray"]
[Black "Samyak Dharewa"]
[Result "1/2-1/2"]
[ECO "E06"]
[WhiteElo "1932"]
[BlackElo "1586"]
[Annotator "TA"]
[PlyCount "71"]
[EventDate "2022.05.09"]
[EventType "swiss"]
[EventCountry "IND"]
[SourceTitle "playchess.com"]
[Source "ChessBase"]
[SourceQuality "1"]
[TimeControl "5400+30"]

1. d4 Nf6 2. c4 e6 3. g3 d5 4. Bg2 Be7 5. Nf3 O-O 6. O-O c6 7. Qc2 b6 8. Nbd2 Bb7 9. e4 Na6 10. a3 $1 {[%emt 0:05:27] 10.a3 scores better than 10.e5. E06: Closed Catalan: Early deviations.} Rc8 11. b3 (11. b4 $142) 11... c5 $11 12. exd5 exd5 {[%emt 0:00:36] [#]} 13. dxc5 $146 (13. Bb2 $11) ({Predecessor:} 13. Bb2 dxc4 14. Nxc4 cxd4 15. Qf5 Be4 16. Qh3 d3 17. Rfe1 Nc5 18. Rad1 Bg6 19. Nce5 {0-1 (33) Babiy,I (2243)-Shagbazyan,T (2404) Chess.com INT 2020}) 13... dxc4 ({Resist} 13... Bxc5 14. b4 $14) 14. bxc4 Nxc5 15. Bb2 Qd3 16. Qxd3 Nxd3 17. Bc3 Ne4 18. Nxe4 Bxe4 19. Nd2 (19. Rfd1 $15) 19... Bxg2 20. Kxg2 b5 21. Rfd1 bxc4 (21... Rfe8 {seems wilder.} 22. Rab1 bxc4 23. Nxc4 Nxf2 24. Re1 Nd3) 22. Nxc4 Nxf2 $1 ({But not} 22... Rxc4 23. Rxd3 Rfc8 24. Bd2 $11) 23. Rd7 Rxc4 24. Rxe7 Rxc3 25. Kxf2 $17 {[%emt 0:00:07][%mdl 4096] Endgame KRR-KRR} a5 26. Ra7 Rc2+ 27. Kg1 ({White should try} 27. Kf3 $1 $15) 27... Rd8 28. Rxa5 g6 29. Ra4 Rdd2 {[%emt 0:00:21] [#] White must now prevent ...Rg2+.} 30. Rh4 Ra2 (30... g5 $17 31. Rh3 Kg7) 31. Rxa2 $11 {[%emt 0:00:22] The position is equal.} Rxa2 32. Ra4 Kg7 33. g4 g5 34. Ra6 f6 35. a4 Kg6 36. h3 {[%emt 0:00:23] Weighted Error Value: White=0.16 (very precise) /Black=0.14 (very precise)} 1/2-1/2

[Event "34th MPL National U14-ch 2022"]
[Site "Ahmedabad"]
[Date "2022.05.10"]
[Round "4.9"]
[White "Yuwan Das"]
[Black "Bharadia Yash"]
[Result "0-1"]
[ECO "B50"]
[WhiteElo "1493"]
[BlackElo "1924"]
[Annotator "TA"]
[PlyCount "72"]
[EventDate "2022.05.09"]
[EventType "swiss"]
[EventCountry "IND"]
[SourceTitle "playchess.com"]
[Source "ChessBase"]
[SourceQuality "1"]
[TimeControl "5400+30"]

1. e4 c5 2. Nf3 d6 3. c3 Nf6 4. Be2 g6 5. O-O Bg7 6. d3 O-O 7. Nbd2 {[%emt 0:00:15] 7.Be3 is more advanced technology.} e5 {[%emt 0:00:41] B50: Sicilian: 2...d6, Miscellaneous.} 8. Re1 Nc6 9. Bf1 h6 {[%emt 0:05:23] The position is equal.} 10. Nc4 {[%emt 0:09:41] [#]} Be6 $146 ({Predecessor:} 10... Re8 11. a4 Rb8 12. Bd2 d5 13. exd5 Nxd5 14. a5 b5 15. axb6 axb6 16. g3 b5 {1-0 (38) Yudasin,L (2558)-Wojtkiewicz,A (2565) New York 2003}) 11. d4 cxd4 (11... exd4 {seems wilder.} 12. cxd4 Nxd4 13. Nxd4 cxd4 14. Qxd4 Ng4) 12. cxd4 exd4 (12... Nxd4 {keeps more tension.} 13. Nxd4 exd4 14. Qxd4 Ng4) 13. Nxd4 Nxd4 14. Qxd4 Nxe4 15. Qxe4 d5 16. Qf4 {[%emt 0:16:36] [#]} (16. Qc2 $1 $11 {keeps the balance.} dxc4 17. Bxc4) 16... g5 $1 $17 {[%emt 0:12:27][%mdl 64] Deflection. Black converts the advantage convincingly.} 17. Qg3 {[%emt 0:06:57] And now Ne5 would win.} dxc4 18. f4 g4 $36 {[%emt 0:05:47][%mdl 2048] Black is in control. Black is more active.} 19. Kh1 (19. f5 $17 Bxf5 20. Bxc4) 19... Qf6 20. Be3 Rfd8 ({Stronger than} 20... Qxb2 21. f5 Bxf5 22. Bxc4 $17) 21. Rac1 b5 ({Inferior is} 21... Qxb2 22. f5 Bxf5 23. Bxc4 $17) 22. Re2 a6 23. Qf2 Rac8 24. Bb6 Rd7 25. b3 $2 (25. Ba5) 25... c3 $19 26. Ba5 Bf5 {[%emt 0:00:21] Inhibits Rec2.} 27. Qe1 Kh7 28. Re5 c2 29. g3 Qg6 30. Re7 Rxe7 31. Qxe7 Be4+ 32. Bg2 Bxg2+ 33. Kxg2 Bb2 34. Bd2 Bxc1 (34... Qc6+ $142 35. Kf1 Bd4 36. Be3 {[#]} Rc7 $1 37. Qe8 Qxe8 38. Bxd4 Qe4 39. h4 gxh3 40. Kf2 Qxd4+ 41. Ke2 Qd5 42. Rxc2 Re7+ 43. Kf1 Qh1+ 44. Kf2 Qg2#) 35. Bxc1 Qe6 36. Qb7 Rd8 {[%emt 0:00:08] Weighted Error Value: White=0.99/Black=0.28 (precise)} 0-1

[Event "34th MPL National U14-ch 2022"]
[Site "Ahmedabad"]
[Date "2022.05.10"]
[Round "4.10"]
[White "Apoorv Kamble"]
[Black "Jaidambareesh N R"]
[Result "0-1"]
[ECO "B33"]
[WhiteElo "1846"]
[BlackElo "1521"]
[Annotator "NA RC COMBH"]
[PlyCount "106"]
[EventDate "2022.05.09"]
[EventType "swiss"]
[EventCountry "IND"]
[SourceTitle "playchess.com"]
[Source "ChessBase"]
[SourceQuality "1"]
[TimeControl "5400+30"]

1. e4 c5 2. Nf3 Nc6 3. d4 cxd4 4. Nxd4 Nf6 5. Nc3 e5 6. Ndb5 d6 7. Nd5 Nxd5 8. exd5 Ne7 9. c3 f5 10. Bg5 a6 11. Qa4 Kf7 12. c4 {[%emt 0:21:53] [#]} (12. Qa3 $1 $14) 12... h6 ({Better is} 12... Kg6 $1 $17 13. Bxe7 Bxe7) 13. Bd2 f4 14. Nc3 Bf5 15. Qb3 Qd7 16. Na4 Nc8 17. Be2 Rb8 18. Nc3 (18. O-O $14 {is superior.}) 18... Be7 19. g3 fxg3 20. hxg3 Rf8 21. a4 Bf6 22. a5 Kg8 23. Be3 Kh8 ({Black should try} 23... Bd8 $11) 24. Qd1 e4 $2 {[%emt 0:00:00] [#]} (24... Kg8 $14) 25. g4 $1 Bh7 26. Qd2 (26. g5 $1 $18 {[%cal Rg5f6] is the precise move to win.} Bxg5 27. Bxg5 hxg5 28. Nxe4) 26... Qf7 $18 (26... Kg8 $16) 27. O-O-O b6 28. g5 Be5 29. Bh5 Qb7 (29... Qc7 $16 {keeps fighting.}) 30. g6 {[%emt 0:00:32] [#]} bxa5 $1 31. gxh7 {[%emt 0:07:29] [#]} Ne7 $4 {[%emt 0:00:00] [#]} (31... Nb6 $1 $19 32. Be2 (32. Nxe4 $2 Nxc4 33. Rdg1 Nxd2 $19) 32... Nxd5 33. cxd5 Bxc3 34. Qxc3 Rfc8 35. Qxc8+ (35. Bc4 $2 Rxc4 36. Kd2 Rxc3 $19) 35... Qxc8+ 36. Kb1 Qc3) 32. Bg4 $2 (32. Qc2 $1 $18) 32... Qb3 (32... Ng6 $1 $11 {remains equal.}) 33. Be2 Rxf2 34. Rde1 Nf5 35. Bd1 Qxb2+ 36. Qxb2 Rfxb2 37. Na4 R2b4 38. Bb6 Rxc4+ 39. Kd2 Bf4+ 40. Ke2 Ng3+ 41. Kf2 Nxh1+ 42. Rxh1 Rxa4 43. Bxa4 Rxb6 44. Rh4 Rb4 45. Bd7 Bg5 46. Rh1 Kxh7 47. Ra1 e3+ 48. Kf3 Rf4+ 49. Kg2 Kg6 50. Bc8 e2 51. Bxa6 Rf1 52. Bd3+ Kf6 53. Rxf1+ exf1=Q+ 0-1

[Event "34th MPL National U14-ch 2022"]
[Site "Ahmedabad"]
[Date "2022.05.11"]
[Round "5.1"]
[White "Kadam Om Manish"]
[Black "Koustuv Dash"]
[Result "1/2-1/2"]
[ECO "B10"]
[WhiteElo "2144"]
[BlackElo "1910"]
[Annotator "TA"]
[PlyCount "135"]
[EventDate "2022.05.09"]
[EventType "swiss"]
[EventCountry "IND"]
[SourceTitle "playchess.com"]
[Source "ChessBase"]
[SourceQuality "1"]
[TimeControl "5400+30"]

1. e4 c6 2. c4 d5 3. exd5 cxd5 4. cxd5 Nf6 5. Nc3 Nxd5 6. Nf3 g6 {[%emt 0:00:00] B10: Caro-Kann: 2 d3 and 2 c4.} 7. Qb3 Nb6 8. Bb5+ Bd7 {[%emt 0:00:00] [#]} 9. a4 $146 ({Predecessor:} 9. Ne5 e6 10. Ne4 Bc6 11. d3 Qd4 12. Nf6+ Ke7 13. Nfg4 Bxb5 14. Bg5+ Kd6 15. Nxf7+ {0-1 (36) Riehle,M (2336)-Svane,R (2615) Magdeburg 2021}) 9... Bg7 10. a5 Nc8 11. Bxd7+ Qxd7 12. d4 {[%emt 0:00:03][%cal Bd2d4,Bd4d5][%mdl 32] Black should prevent Ne5.} O-O 13. O-O Nd6 14. Bf4 Nc6 15. Be5 Nf5 16. Bxg7 Kxg7 17. d5 Ncd4 18. Nxd4 Nxd4 19. Qc4 Nf5 20. Rfe1 $1 Rfe8 21. Qc5 Qd6 22. Qb5 Qa6 23. Qa4 Rac8 24. Rad1 Qc4 25. Qa3 Red8 26. Re4 Qc5 27. Qa1 h5 28. Rde1 Kg8 29. h3 Rd7 30. Qa4 {[%emt 0:00:26] Prevents b5.} Rcd8 31. Re5 Qd4 {[%emt 0:00:00] Prevents Qf4.} 32. Qc2 Qc5 33. Qd2 Ng7 (33... Qxa5 $2 34. d6 Qb6 35. Rxf5 $1 Qxd6 36. Qxd6 (36. Rd5 Qc6 $18) 36... Rxd6 37. Ra5 $18) (33... Qd6 $14) 34. Qh6 $16 f6 (34... Qd6 $16) 35. R5e3 $18 Kf7 36. Rg3 g5 37. Ree3 $2 (37. Qh7 $6 Qxa5 38. Rge3 Qc5 $16) ({Better is} 37. Ne4 $18 {Threatening mate with Rxg5.} Qxa5 {[#]} 38. Nxg5+ $1 (38. Nc3 Re8 $14) 38... fxg5 39. Re5 Rxd5 40. Rf3+ (40. Rgxg5 Rxe5 41. Qg6+ Kf8 $16) 40... Ke8 41. Qg6+ (41. Rxd5 Qe1+ 42. Kh2 Rxd5 $17) 41... Kd7 42. Rxd5+ (42. Rxe7+ Kc8 $16) 42... Qxd5 43. Rd3 Qxd3 44. Qxd3+ Ke8 45. Qb3) 37... Rxd5 38. Nxd5 Rxd5 39. Re1 {[%emt 0:00:37] Against Rd1. With the idea Rc3.} Re5 40. Rxe5 {[%emt 0:07:18] The board is on fire.} Qxe5 $11 {[%emt 0:00:29][%mdl 4096] Endgame KQR-KQN} 41. Re3 {[%emt 0:05:52] Prevents Qe1+.} Qxb2 42. Qh7 $36 {[%emt 0:00:03][%mdl 2048] White has good play.} Qa1+ 43. Kh2 {[%emt 0:00:03] Qe4 is the strong threat.} Qxa5 44. Qb1 Qd5 45. Kg1 (45. Qh7 Qf5 46. Qxf5 Nxf5 $17) 45... b6 46. Ra3 a5 (46... Qd7 $11) 47. Qxb6 $14 Qd1+ 48. Kh2 a4 49. Qb4 ({White should try} 49. Ra2 $14) 49... Qe2 50. Re3 (50. Rxa4 Qxf2 51. Ra8 h4 $11) 50... Qxf2 51. Rxe7+ Kg6 52. Qc4 {[%emt 0:03:25][%mdl 1024] Hoping for Qf7+. White has strong compensation.} Kh6 (52... Qf4+ $2 53. Qxf4 gxf4 54. Re4 $18 (54. Ra7 Ne6 $18)) 53. Re2 (53. Qc7 $5 h4 54. Rd7 $16 (54. Rxg7 Qg3+ 55. Kh1 Qe1+ 56. Kh2 Qg3+ 57. Kh1 Qe1+ 58. Kh2 Qg3+ $11)) 53... Qa7 54. Qc6 Kg6 55. Qe4+ Kh6 56. Ra2 {[%emt 0:00:58] Active counter play!} Qc7+ 57. Kg1 Qc1+ 58. Kf2 Qc5+ 59. Qe3 Qf5+ 60. Ke2 (60. Qf3 $11 {remains equal.}) 60... Ne6 (60... Qd5 $17 61. Rd2 Qxg2+ 62. Qf2 Qe4+ 63. Qe3 Qb4) 61. Rd2 $11 Nf4+ 62. Ke1 Qb1+ 63. Kf2 Qh1 64. Qf3 Qc1 65. Ra2 Qc5+ 66. Kg3 Qe5 {[%emt 0:00:33] ( -> ...Nd3+)} (66... Qg1 $5 67. h4 (67. Rxa4 $2 h4+ 68. Kg4 f5+ 69. Kxf5 Qc5+ 70. Ke4 Qc2+ 71. Kd4 Qxa4+ $19) 67... Ng6 68. hxg5+ (68. Qxf6 $2 gxh4+ 69. Kf3 Qf1+ 70. Ke3 Qxf6 $19) 68... fxg5 $17) 67. Kf2 Qc5+ (67... Qd4+ $11 68. Kg3 Qg1) 68. Kg3 {[%emt 0:00:10] Weighted Error Value: White=0.18 (very precise) /Black=0.14 (very precise)} 1/2-1/2

[Event "34th MPL National U14-ch 2022"]
[Site "Ahmedabad"]
[Date "2022.05.11"]
[Round "5.2"]
[White "John Veny Akkarakaran"]
[Black "Daakshin Arun"]
[Result "1-0"]
[ECO "B92"]
[WhiteElo "1855"]
[BlackElo "2016"]
[Annotator "TA"]
[PlyCount "74"]
[EventDate "2022.05.09"]
[EventType "swiss"]
[EventCountry "IND"]
[SourceTitle "playchess.com"]
[Source "ChessBase"]
[SourceQuality "1"]
[TimeControl "5400+30"]

1. e4 c5 2. Nf3 d6 3. d4 cxd4 4. Nxd4 Nf6 5. Nc3 a6 6. Be2 e5 7. Nb3 Be7 8. O-O O-O 9. Qd3 Be6 10. Bd2 {[%emt 0:00:15] B92: Sicilian Najdorf: 6 Be2.} Qc8 11. Rac1 a5 {[%emt 0:12:43] [#]} 12. a4 $146 {[%emt 0:23:28] The position is equal.} ({Predecessor:} 12. Nd5 Nxd5 13. exd5 Bf5 14. Qe3 Bd8 15. c4 a4 16. Na1 Nd7 17. Nc2 Bb6 18. Qg5 {0-1 (36) Kazakov,K (2356)-Amonatov,F (2624) Astana 2017}) 12... Qc6 13. f4 (13. Qf3) 13... Na6 14. Qf3 Nb4 15. Bb5 Qc7 16. f5 Bc4 17. Bxc4 Qxc4 18. Bg5 Rfd8 (18... h6 19. Bxf6 Bxf6) 19. Nd2 Qc6 20. b3 Rac8 (20... d5) (20... d5 $11 {remains equal.}) 21. Nc4 (21. Bxf6 Bxf6 22. Nc4) (21. Bxf6 $16 Bxf6 22. Nc4) 21... Rd7 (21... d5 22. Bxf6 Qc5+ 23. Kh1 dxc4 24. Bxg7 Kxg7 25. f6+ Kh8 26. fxe7 Qxe7) (21... d5 $11 {keeps the balance.} 22. Bxf6 Qc5+ 23. Kh1 dxc4 24. Bxg7 Kxg7 25. f6+ Kh8 26. fxe7 Qxe7) 22. Rfd1 (22. Bxf6 Bxf6 23. Rcd1) 22... Bd8 (22... d5 23. exd5 (23. Nxe5 Qc5+ 24. Be3 Qxc3) 23... Nbxd5 24. Bxf6 Nxf6) (22... d5 $16 23. exd5 (23. Nxe5 Qc5+ 24. Be3 Qxc3 $17) 23... Nbxd5 24. Nxe5 Qc5+ 25. Kf1 (25. Kh1 Nxc3 26. Nxd7 Nxd7 $11) 25... Nxc3 26. Rxd7 Nxd7 27. Nxd7 Qd4 28. Bxe7 (28. Qxb7 $2 Rd8 $19) 28... Ne4 29. Nf6+ (29. Rd1 Nd2+ 30. Rxd2 Qxd2 $11) 29... Nxf6 30. Bxf6 Qxf6) 23. Bxf6 $18 Bxf6 24. Nd5 Bg5 {[%emt 0:01:12] [#] aiming for ...Nxd5.} 25. Nxb4 {[%emt 0:00:27] Pair of Knights!} (25. Ndb6) (25. Ndb6 $18 {has better winning chances.}) 25... Qc5+ (25... axb4 26. Rb1 Bd8) (25... axb4 $16 26. Rb1 Bd8) 26. Kh1 Qxb4 (26... Bxc1 27. Nd3 Qc6 28. Nxc1) (26... Bxc1 $2 27. Nd3 Qc6 28. Nxc1 $18) 27. Rb1 Rxc4 28. bxc4 Qxc4 29. Qd3 Qxa4 30. Rb5 (30. Qb5 Qxb5 31. Rxb5) (30. Qb5 $16 Qxb5 31. Rxb5) 30... h6 $14 31. Rdb1 Rc7 32. c3 (32. Qxd6 Qxc2 33. Re1 a4) (32. Qxd6 Qxc2 33. Re1 a4 $15) 32... Rc4 (32... Kh7) (32... Kh7 $14) 33. Rxb7 $16 {[%emt 0:02:17] Threatens to win with Qd5.} (33. Qxd6 Rxc3 34. Qd5 (34. Rxe5 Qc4) 34... Qa3) (33. Qxd6 $6 Rxc3 34. Qd5 (34. Rxe5 Qc4 $11) 34... Qa3 $11) 33... Rxe4 $2 {[%emt 0:00:41][%mdl 8192] [#]} (33... Qc6) (33... Qc6 $16) 34. Qxd6 $2 $40 {[%emt 0:00:31][%mdl 128] White is out for blood.} (34. Qd5 Qc4 35. Rb8+ Kh7 36. Qa8) (34. Rxf7 $3 $18 {[%mdl 512] and White stays clearly on top. White threatens Qd5 and mate.} Qc6 (34... Rd4 35. cxd4) 35. Ra7 (35. Rc7 Re1+ 36. Rxe1 Qxc7 $16)) 34... Qa2 {[%emt 0:01:05][%mdl 8192] This costs Black the game.} (34... Rh4 35. Qd3 (35. Qxe5 Bf4) 35... Qc4 36. Qxc4 (36. Qd7 Rxh2+ 37. Kxh2 Qh4+ 38. Kg1 Be3+ 39. Kf1 Qf2#) 36... Rxc4) (34... Rh4 $16 35. Qd3 (35. Qxe5 Bf4 $11) 35... Qc4 36. Qxc4 (36. Qd7 {gets mated.} Rxh2+ 37. Kxh2 Qh4+ 38. Kg1 Be3+ 39. Kf1 Qf2#) 36... Rxc4) 35. Rb8+ {[%emt 0:00:43] White mates.} ({Weaker is} 35. Qc6 Rb4 36. R7xb4 (36. R1xb4 axb4 37. g3 Qf2 $17) 36... axb4 $11) 35... Kh7 36. Qf8 Bd8 37. Qxd8 Rf4 {[%emt 0:00:56] Weighted Error Value: White=0.36/Black=0.39} 1-0

[Event "34th MPL National U14-ch 2022"]
[Site "Ahmedabad"]
[Date "2022.05.11"]
[Round "5.3"]
[White "Ilamparthi A R"]
[Black "Bagwe Gaurang"]
[Result "0-1"]
[ECO "A07"]
[WhiteElo "2121"]
[BlackElo "1789"]
[Annotator "TA"]
[PlyCount "120"]
[EventDate "2022.05.09"]
[EventType "swiss"]
[EventCountry "IND"]
[SourceTitle "playchess.com"]
[Source "ChessBase"]
[SourceQuality "1"]
[TimeControl "5400+30"]

1. Nf3 d5 2. g3 c6 3. Bg2 Bf5 4. O-O h6 5. d3 e6 6. Nbd2 Nf6 7. Qe1 Be7 8. e4 Bh7 9. Qe2 O-O 10. e5 (10. b3 $11) 10... Nfd7 $15 {[%emt 0:01:44] A07: Réti Opening: New York and Capablanca Systems.} 11. Re1 a5 12. Nf1 c5 {[%emt 0:06:56] Black is slightly better.} 13. h4 Nc6 14. Bf4 Qb6 {[%emt 0:07:42] [#]} 15. Rab1 $146 ({Predecessor:} 15. Ne3 Nd4 16. Qd2 Nf5 17. Nxf5 Bxf5 18. Nh2 Rfc8 19. g4 Bh7 20. Nf3 c4 21. Be3 {0-1 (28) Rakovsky,E-Hort,V Prague 1966}) 15... Rfc8 16. Ne3 Nf8 17. h5 {[%emt 0:02:22] Against Ng6} c4 (17... Qd8 $15) 18. dxc4 $11 d4 19. Nf1 (19. Ng4 $14) 19... Nb4 (19... Rd8 $5 20. Red1 Nb4 $15) 20. c3 $1 Bxb1 21. Rxb1 d3 (21... Nxa2 $11 22. Qd3 dxc3 23. bxc3 Qc5) 22. Qd2 $16 Nc6 23. Qxd3 Rd8 24. Qe2 Nd7 25. g4 (25. N1h2 $16) 25... Nc5 26. Bg3 (26. Be3 $14) 26... Rd3 27. N3d2 Rad8 28. Ne4 Na4 29. Qc2 Nc5 30. Nd6 {[%emt 0:02:20] [#]} (30. Bf4 $11 {keeps the balance.}) 30... Rxg3 $1 31. Nxg3 {[%emt 0:00:35][%cal Ob2b4] b4! is the strong threat.} Nxe5 32. Nde4 Nxg4 {[%emt 0:00:40] Hoping for ...Nxe4. Black is more active.} 33. b4 (33. Qe2 $17 {might work better.} f5 34. Nxc5 Bxc5 35. Ne4) 33... Nxe4 $19 34. Nxe4 Qc7 (34... axb4 35. Qe2 $17) 35. Rd1 Qh2+ ({Much less strong is} 35... Qxc4 36. Rxd8+ Bxd8 37. Qd1 $16) 36. Kf1 {[%emt 0:00:02] [#]} Qxh5 ({And not} 36... axb4 37. Rxd8+ Bxd8 38. Qd1 $17) (36... Rxd1+ $1 $19 37. Qxd1 Qxh5) 37. Rxd8+ $17 Bxd8 38. Ng3 (38. c5 $17) 38... Qe5 $2 (38... Qg5 $19 {aiming for ...Bc7.} 39. Bxb7 Bc7) 39. Qd1 $11 Qg5 (39... Qxc3 $2 40. Qxd8+ Kh7 41. Be4+ (41. Qd1 Qxc4+ 42. Kg1 Qxb4 $16) 41... g6 42. bxa5 $18) 40. Ne4 Qh4 41. Qd7 (41. c5 $1 $15) 41... Ne5 $17 42. Qe8+ (42. Qb5 $2 Bc7 43. Qc5 Qd8 $17) ({White should play} 42. Qc8) 42... Kh7 43. Nd6 $2 {[%emt 0:01:25][%mdl 8192] [#] Now White is beyond hope.} (43. c5 $17) 43... Bf6 $40 {[%emt 0:01:27][%mdl 128] Black has strong attack.} (43... Qf4 $142 $1 {( -> ...Qc1+)} 44. Be4+ f5 45. Qxd8 fxe4) 44. Nxf7 $2 (44. Qa4) 44... Nd3 $19 45. Ke2 Qxf2+ 46. Kxd3 Qg3+ 47. Kc2 Qxc3+ 48. Kd1 Qd3+ 49. Kc1 Qxc4+ 50. Kd1 Qg4+ 51. Kc1 Qxg2 52. Qxe6 axb4 {[%emt 0:00:51][%mdl 4096] Endgame And now ...h5 would win. KQB-KQN} 53. Nd6 Qg5+ 54. Kd1 Qe5 55. Qd7 Qd5+ 56. Ke2 Qxa2+ 57. Kf3 Qd5+ {[%emt 0:00:06] Black mates.} 58. Ke2 b3 59. Qc7 Qc6 60. Qf7 Qxd6 {[%emt 0:00:24] Weighted Error Value: White=0.98/Black=0.30} 0-1

[Event "34th MPL National U14-ch 2022"]
[Site "Ahmedabad"]
[Date "2022.05.11"]
[Round "5.4"]
[White "Dhruva Thota"]
[Black "Shaik Sumer Arsh"]
[Result "0-1"]
[ECO "C78"]
[WhiteElo "1743"]
[BlackElo "1999"]
[Annotator "TA"]
[PlyCount "82"]
[EventDate "2022.05.09"]
[EventType "swiss"]
[EventCountry "IND"]
[SourceTitle "playchess.com"]
[Source "ChessBase"]
[SourceQuality "1"]
[TimeControl "5400+30"]

1. e4 e5 2. Nf3 Nc6 3. Bb5 a6 4. Ba4 Nf6 5. O-O b5 6. Bb3 Bc5 7. c3 d6 8. d4 Bb6 9. a4 Rb8 10. axb5 axb5 11. Qd3 {[%emt 0:00:07] C78: Ruy Lopez: Archangelsk and Möller Defences.} O-O {[%emt 0:01:02] 11...Bd7 is not played anymore.} 12. Bg5 h6 13. Bxf6 {[%emt 0:02:02] White has an edge. 13.Bh4 deserves study.} ({Don't play} 13. Qxb5 hxg5 14. Qxc6 exd4 15. cxd4 (15. Nxg5 Bb7 $17) 15... Bb7 $17) 13... Qxf6 14. Qxb5 Na7 15. Qd3 exd4 16. cxd4 Nc6 17. Ra4 Nxd4 {[%emt 0:18:49] [#]} 18. Nxd4 $146 (18. Rxd4 $16 Bxd4 19. Nxd4) ({Predecessor:} 18. Rxd4 Bxd4 19. Nxd4 Ba6 20. Bc4 Bxc4 21. Qxc4 Rxb2 22. Nc3 c5 23. Ndb5 Rb8 24. Nd5 {0-1 (32) Srija,S (2102)-Parnali,S (2203) Bhubaneswar 2016}) 18... Bxd4 $11 {[%emt 0:00:03][%mdl 64] Remove Defender} 19. Rxd4 {[%emt 0:00:48] [#] And now Nd2 would win.} Rxb3 $1 20. Qxb3 Qxd4 21. Qc2 Bb7 22. Nc3 Re8 23. Re1 Re5 24. Qb3 (24. h3 $11 {keeps the balance.}) 24... Bxe4 $17 {[%emt 0:07:16] White is now going downhill.} 25. Qb8+ Kh7 {[%emt 0:00:02] Hoping for ...Qd2.} 26. Qxc7 {[%emt 0:02:42] [#]} (26. h3 $17) 26... Qd2 $1 $40 {[%emt 0:00:50][%csl LRb2,LRe1][%cal Rd2e1][%mdl 128] Black has strong attack.} 27. Rd1 {[%emt 0:20:12] [#]} Bc2 $1 {[%emt 0:07:02][%mdl 512] ( -> ...Re1+)} 28. Rf1 {[%emt 0:06:41] [#]} Re1 $1 29. Qc4 (29. h3) 29... Bd3 30. Qxd3+ Qxd3 31. Rxe1 {[%emt 0:00:08][%mdl 4096] Endgame KQ-KRN} Qd2 32. Rd1 (32. Rb1 $142) 32... Qxb2 33. Nd5 f5 {[%emt 0:01:21][%cal Bf7f5,Bf5f4][%mdl 32] Threatens to win with ...Qb3.} 34. g3 g5 35. Re1 Qd2 36. Re7+ Kg8 37. Ne3 {[%emt 0:03:18] Inhibits Qd1+.} f4 38. Ng2 (38. Nf1 Qd1 39. Rb7) 38... Kf8 {[%emt 0:00:29] Black is clearly winning.} 39. Re4 d5 40. Re5 d4 {[%emt 0:04:12] ...f3 is the strong threat.} 41. Ne1 d3 {[%emt 0:00:40] Weighted Error Value: White=0.64/Black=0.16 (very precise)} 0-1